 Dungeon Crawl Stone Soup version 0.18.1-48-g4cf74bf (webtiles) character file.

991 Heedrag the Thaumaturge (level 7, 0/36 HPs)
             Began as a Deep Elf Conjurer on July 26, 2016.
             Slain by Pikel
             ... wielding a +2 whip of electrocution
              (8 damage)
             ... on level 4 of the Dungeon.
             The game lasted 00:15:44 (6042 turns).

Heedrag the Thaumaturge (Deep Elf Conjurer)         Turns: 6042, Time: 00:15:44

Health: 0/36       AC:  4    Str:  7    XL:     7   Next: 98%
Magic:  3/24       EV: 17    Int: 24    God:
Gold:   309        SH:  0    Dex: 15    Spells: 4 memorised, 16 levels left

rFire  . . .     SeeInvis +     y - +1 dagger (venom)
rCold  . . .     Gourm    .     x - +2 robe of Hialanad {rCorr Int+4}
rNeg   . . .     Faith    .     (no shield)
rPois  .         Spirit   .     (no helmet)
rElec  .         Dismiss  .     (no cloak)
rCorr  +         Reflect  .     (no gloves)
SustAt .         Harm     .     (no boots)
MR     .....                    (no amulet)
Stlth  ++........               C - +4 ring of evasion
                                u - ring of see invisible

@: not resistant to hostile enchantments, unstealthy
A: no striking features
a: no special abilities


You were on level 4 of the Dungeon.
You were not hungry.

You visited 2 branches of the dungeon, and saw 7 of its levels.
You also visited: Sewer.

You collected 309 gold pieces.

Inventory:

Hand Weapons
 j - a +0 dagger of flaming
 y - a +1 dagger of venom (weapon)
Armour
 a - a +0 robe
 i - a +1 shield
 x - the +2 robe of Hialanad (worn) {rCorr Int+4}
   (You found it on level 4 of the Dungeon)

   It affects your intelligence (+4).
   It protects you from acid and corrosion.
Jewellery
 u - a ring of see invisible (left hand)
 C - a +4 ring of evasion (right hand)
 F - an uncursed amulet of guardian spirit {unknown}
Scrolls
 e - 4 scrolls of identify
 k - 2 scrolls of blinking {unknown}
 m - a scroll of fear {unknown}
 n - 2 scrolls of magic mapping
 s - a scroll of remove curse
 t - 2 scrolls of teleportation
 B - a scroll of recharging {unknown}
Potions
 d - 2 potions of cancellation {unknown}
 f - a potion of might {unknown}
 h - 4 potions of heal wounds {unknown}
 l - a potion of ambrosia {unknown}
 o - 2 potions of curing {unknown}
 q - 2 potions of invisibility {unknown}
 r - a potion of mutation {unknown}
 v - a potion of lignification {unknown}
 z - a potion of berserk rage {unknown}
 A - a potion of haste
 E - 2 potions of magic {unknown}
Books
 b - a book of Conjurations

   Spells                             Type                      Level
   a - Magic Dart                     Conjuration                  1
   b - Searing Ray                    Conjuration                  2
   c - Dazzling Spray                 Conjuration/Hexes            3
   d - Fulminant Prism                Conjuration/Hexes            4
   e - Iskenderun's Mystic Blast      Conjuration                  4
   f - Iskenderun's Battlesphere      Conjuration/Charms           5
Comestibles
 c - 5 bread rations
 g - 2 slices of pizza
 p - a beef jerky
 w - 2 meat rations
 D - 2 fruits
 G - 3 chunks of flesh


   Skills:
 - Level 2.4 Dodging
 + Level 2.9 Stealth
 * Level 11.8 Spellcasting
 + Level 4.6 Conjurations


You had 16 spell levels left.
You knew the following spells:

 Your Spells              Type           Power        Failure   Level  Hunger
a - Magic Dart            Conj           ####         1%          1    None
b - Dazzling Spray        Conj/Hex       ####..       6%          3    None
c - Iskenderun's Mystic   Conj           #####...     8%          4    None
d - Iskenderun's Battles  Conj/Chrm      ####....     54%         5    ###....


Dungeon Overview and Level Annotations

Branches:
Dungeon (6/15)             Temple (1/1) D:5

Altars:
Ashenzari
Fedhas
Makhleb
Nemelex Xobeh
Pakellas
Qazlal
Ru
Sif Muna
Trog
Xom
Yredelemnul
Zin

Annotations:
D:3 Grinder
D:4 Pikel


Message History

Castin': Iskenderun's Mestic Blast Confirm wit' . or Enter, or press ? or * ta list all spells.
Aimin': Iskenderun's Mestic Blast
Press: ? - help, Shift-Dir - straight line, f/p - Pikel
Aim: Pikel, wieldin' a whip o' electrocution an' wearin' a robe (severely wounded, poison'd, blind) Tha orb o' energy hits Pikel.
Pikel be almost dead.
Pikel closely misses ye.
Pikel looks more healthy.
Pikel be nay longer blind.
Pikel waves his whip at ye.
Castin': Iskenderun's Mestic Blast Confirm wit' . or Enter, or press ? or * ta list all spells.
Ye dinnae haf enough magic ta cast tha spell.
Tha slave shouts!
Ye hit tha slave.
Tha slave be poison'd.
Tha slave be lightly wounded.
Pikel says, "Ye'll fetch a fair price!"
Pikel hits ye wit' a whip o' electrocution!
Ye die...

### ####################### #.###
......................# #....
#####################.# #.### #.#
#.#.. #.# #.#.# ######## ######.#
#.#.# .......# #.K....# #####.#.#
.......# #@###### #.....#.#
.......# #p# #.....#.#
.......#########.########.....#.#
.......'................'......<.
.......####.####.########....####
.####### #.# #.# #.........# .##
#.# #.# #.#######.# ..# #.# #.#
#.# #.# #K## #.# #.# #.# #..


You could see Pikel and a slave.

Vanquished Creatures
  Sigmund (D:3)
  An ice beast (D:5)
  2 slaves
  A centaur (D:5)
  2 scorpions (D:4)
  A giant frog skeleton (D:4)
  A crimson imp (D:5)
  A hound (D:5)
  A jelly (D:4)
  3 orc priests
  An orc wizard (D:4)
  Natasha (thrice) (D:3)
  A worker ant (D:5)
  9 adders
  3 river rats (Sewer)
  2 oozes
  6 dart slugs
  5 giant geckos
  12 orcs
  5 ball pythons
  3 giant cockroaches
  5 goblins
  4 hobgoblins (D:3)
  3 jackals (D:5)
  A quokka (D:2)
  2 bats
  A giant gecko skeleton (D:5)
  12 giant newts
  8 kobolds
  A quokka skeleton (D:5)
  10 rats
111 creatures vanquished.

Notes
Turn   | Place    | Note
--------------------------------------------------------------
     0 | D:1      | Heedrag the Deep Elf Conjurer began the quest for the Orb.
     0 | D:1      | Reached XP level 1. HP: 10/10 MP: 6/6
   373 | D:1      | Reached XP level 2. HP: 15/15 MP: 0/8
   482 | D:1      | Reached skill level 4 in Spellcasting
  1055 | D:2      | Reached skill level 5 in Spellcasting
  1055 | D:2      | Reached XP level 3. HP: 15/19 MP: 2/11
  1060 | D:2      | Learned a level 3 spell: Dazzling Spray
  1467 | D:3      | Reached XP level 4. HP: 24/24 MP: 10/13
  1471 | D:3      | Reached skill level 6 in Spellcasting
  1484 | D:3      | Noticed Natasha
  1549 | D:3      | Killed Natasha
  1549 | D:3      | Reached skill level 7 in Spellcasting
  1691 | D:3      | Reached XP level 5. HP: 28/28 MP: 12/16
  1703 | D:3      | Noticed Natasha
  1713 | D:3      | Killed Natasha
  2285 | D:3      | Noticed Sigmund
  2296 | D:3      | Killed Sigmund
  2296 | D:3      | Reached skill level 9 in Spellcasting
  2296 | D:3      | Reached XP level 6. HP: 32/32 MP: 1/20
  2470 | D:3      | Noticed Grinder
  2476 | D:3      | Paralysed by Grinder for 7 turns
  2583 | D:3      | Noticed Natasha
  2589 | D:3      | Killed Natasha
  2758 | D:3      | Learned a level 4 spell: Iskenderun's Mystic Blast
  2766 | D:3      | Learned a level 5 spell: Iskenderun's Battlesphere
  3016 | D:4      | Got a twisted robe
  3017 | D:4      | Identified the +2 robe of Hialanad {rCorr Int+4} (You found it on level 4 of the Dungeon)
  3260 | D:4      | Reached skill level 10 in Spellcasting
  3264 | D:4      | Reached XP level 7. HP: 26/36 MP: 4/22
  3423 | D:4      | Noticed Pikel
  4269 | D:5      | Entered Level 5 of the Dungeon
  4464 | D:5      | Found a glowing drain.
  4469 | Sewer    | Entered a sewer
  4509 | Sewer    | Reached skill level 11 in Spellcasting
  5033 | D:5      | Found a staircase to the Ecumenical Temple.
  5048 | Temple   | Entered the Ecumenical Temple
  6042 | D:4      | Slain by Pikel

Skill      XL: |  1  2  3  4  5  6  7 |
---------------+----------------------+-----
Spellcasting   | 5 7 9 10 11 | 11.8
Dodging        | |  2.4
Stealth        | |  2.9
Conjurations   | |  4.6

Action                   |  1- 3 |  4- 6 |  7- 9 || total
-------------------------+-------+-------+-------++-------
Melee: Dagger            |       |     7 |    35 ||    42
       Unarmed           |       |     7 |       ||     7
 Cast: Magic Dart        |    56 |    87 |   111 ||   254
       Dazzling Spray    |       |     8 |    13 ||    21
       Iskenderun's Myst |       |     4 |    17 ||    21
  Use: Scroll            |       |     1 |     6 ||     7
  Eat: Chunk             |     1 |     6 |     9 ||    16
Armor: Robe              |     1 |       |     7 ||     8
Dodge: Dodged            |     2 |    23 |    49 ||    74
